 Dungeon Crawl Stone Soup version 0.22-a0-570-g58866f5d57 (webtiles) character file.

2557 Oirien the Cudgeler (level 9, -6/69 HPs)
             Began as a Demonspawn Abyssal Knight on June 30, 2018.
             Was an Elder of Lugonu.
             Mangled by a two-headed ogre
             ... wielding a +0 giant club
              (26 damage)
             ... on level 6 of the Dungeon.
             The game lasted 00:30:07 (7308 turns).

Oirien the Cudgeler (Demonspawn Abyssal Knight)     Turns: 7308, Time: 00:30:08

Health: -6/69      AC: 11    Str: 16    XL:     9   Next: 31%
Magic:  10/10      EV: 10    Int: 14    God:    Lugonu [****..]
Gold:   418        SH:  3    Dex: 12    Spells: 8/8 levels left

rFire    . . .     SeeInvis .   a - +2 hand axe (elec)
rCold    . . .     Gourm    .   s - +0 buckler
rNeg     . . .     Faith    .   i - +3 ring mail
rPois    .         Spirit   .   t - +0 helmet
rElec    .         Reflect  .   (no cloak)
rCorr    .         Harm     .   g - +0 pair of gloves
MR       .....                  (no boots)
Stlth    ..........             (no amulet)
HPRegen  0.21/turn              (no ring)
MPRegen  0.12/turn              (no ring)

@: no status effects
A: hooves 2, powered by death 1, powered by pain 2
a: Depart the Abyss, Bend Space, Banish, Corrupt, Renounce Religion


You were on level 6 of the Dungeon.
You worshipped Lugonu.
Lugonu was greatly pleased with you.
You were not hungry.

You visited 1 branch of the dungeon, and saw 7 of its levels.
You visited the Abyss 1 time.

You collected 418 gold pieces.

Inventory:

Hand Weapons
 a - a +2 hand axe of electrocution (weapon)
 b - a +2 flail of crushing
Armour
 g - a +0 pair of gloves (worn)
 i - a +3 ring mail (worn)
 s - a +0 buckler (worn)
 t - a +0 helmet (worn)
 v - a +3 leather armour of fire resistance
Jewellery
 z - a +6 ring of intelligence {unknown}
Wands
 p - a wand of iceblast (16)
 w - a wand of enslavement (17)
 y - a wand of flame (35)
Scrolls
 d - 2 scrolls of blinking {unknown}
 f - a scroll of immolation {unknown}
 h - a scroll of enchant armour {unknown}
 j - 2 scrolls of identify {unknown}
 k - 2 scrolls of amnesia
 l - 3 scrolls of noise {unknown}
 m - 2 scrolls of remove curse {unknown}
 n - a scroll of magic mapping {unknown}
 q - 2 scrolls of enchant weapon {unknown}
 A - 3 scrolls of fog {unknown}
Potions
 e - 2 potions of might
 o - a potion of curing
 r - 3 potions of lignification
 u - a potion of heal wounds
Comestibles
 c - 12 rations
 x - 10 chunks of flesh


   Skills:
 + Level 5.9 Fighting
   Level 4.3 Long Blades
 * Level 5.8(7.1) Axes
 * Level 6.3(7.4) Maces & Flails
 - Level 3.6 Armour
 - Level 2.1 Dodging
 - Level 0.2 Stealth
 - Level 0.7 Shields
 + Level 2.5 Invocations


You had 8 spell levels left.
You didn't know any spells.
Your spell library was empty.

Dungeon Overview and Level Annotations

Branches:
Dungeon (7/15)             Temple (0/1) D:7

Altars:
Cheibriados
Gozag
Nemelex Xobeh
Trog

Shops:
D:4 (   D:6 :(

Annotations:
D:2 Sigmund
D:7 2 transporters, temitten's ghost, novice DrFE


Innate Abilities, Weirdness & Mutations

You have hoof-like feet.
You regenerate a little health from kills.
You sometimes gain power by taking damage.


Message History

The two-headed ogre hits you with a giant club.
The two-headed ogre closely misses you.
You slash the two-headed ogre!
The two-headed ogre is heavily wounded.
The two-headed ogre hits you with a giant club!
The two-headed ogre hits you but does no damage.
You are too injured to fight recklessly!
You are too injured to fight recklessly!
Okay, then.
You hit the two-headed ogre. You kick the two-headed ogre.
The two-headed ogre is severely wounded.
You hit the two-headed ogre. You kick the two-headed ogre.
The two-headed ogre is severely wounded.
The two-headed ogre hits you but does no damage.
The two-headed ogre hits you with a giant club!
* * * LOW HITPOINT WARNING * * *
Your ring mail prevents you from hitting the two-headed ogre.
The two-headed ogre is severely wounded.
The two-headed ogre hits you with a giant club!!
You die...

..# #.# ###.# #.#
#.... #.### #.#.#
#######.##. #.#.#
#.....#.##.
#.#.#.##.###.#.##.
#O#.#.............
#@#.####.###......
#.#.####.#####.###
#..............#
#####.##.#######
#.##.# # #.##.# #
#.##.# ## #.##.#
##. ##.##.# ####..


You could see a two-headed ogre.

Vanquished Creatures
  Grinder (D:3)
  A human (D:7)
  Eustachio (D:4)
  4 hogs (D:7)
  Duvessa (D:4)
  A phantom (D:4)
  An ice beast (D:7)
  2 bullfrogs
  Dowan (D:4)
  4 killer bees (D:7)
  3 crimson imps
  3 orc priests
  5 orc wizards
  A hound (D:6)
  3 iguanas
  Natasha (thrice) (D:4)
  Ijyb (D:3)
  2 centaur skeletons
  3 worker ants
  Robin (D:4)
  8 adders
  A shadow imp (D:7)
  An ooze (D:3)
  5 worms
  2 dart slugs
  3 leopard geckos
  20 orcs
  A ball python (D:2)
  10 giant cockroaches
  18 goblins
  9 hobgoblins
  6 jackals
  7 kobolds
  4 quokkas
  12 bats
  3 frilled lizards
  A jackal skeleton (D:4)
  A jackal zombie (D:7)
  5 rats
159 creatures vanquished.

Notes
Turn   | Place    | Note
-------+----------+-------------------------------------------
     0 | Abyss:1  | Oirien the Demonspawn Abyssal Knight began the quest for the Orb.
     0 | Abyss:1  | Reached XP level 1. HP: 18/18 MP: 2/2
     4 | Abyss:1  | Found a corrupted altar of Lugonu.
    14 | D:1      | Escaped the Abyss
   265 | D:1      | Gained mutation: You sometimes gain a little power by taking damage. [demonic ancestry]
   265 | D:1      | Reached XP level 2. HP: 20/24 MP: 3/3
   563 | D:1      | Reached skill level 1 in Dodging
  1119 | D:1      | Reached ** piety under Lugonu
  1153 | D:1      | Gained mutation: You regenerate a little health from kills. [demonic ancestry]
  1153 | D:1      | Reached XP level 3. HP: 29/29 MP: 4/4
  1463 | D:2      | Found a sparkling altar of Nemelex Xobeh.
  1814 | D:2      | Found a snail-covered altar of Cheibriados.
  2167 | D:2      | Reached XP level 4. HP: 18/37 MP: 5/5
  2548 | D:2      | Noticed Sigmund
  2963 | D:3      | Noticed Ijyb
  2980 | D:3      | Killed Ijyb
  3371 | D:3      | Reached XP level 5. HP: 41/42 MP: 6/6
  3957 | D:3      | Found a bloodstained altar of Trog.
  4018 | D:3      | Noticed Grinder
  4071 | D:3      | Killed Grinder
  4071 | D:3      | Reached XP level 6. HP: 9/48 MP: 7/7
  4103 | D:3      | Reached *** piety under Lugonu
  4498 | D:4      | Noticed Natasha
  4574 | D:4      | Found Vets's Weapon Shoppe.
  4604 | D:4      | Found an opulent altar of Gozag.
  4622 | D:4      | Reached skill level 1 in Maces & Flails
  4691 | D:4      | Reached skill level 2 in Maces & Flails
  4691 | D:4      | Gained mutation: You have large cloven feet. [demonic ancestry]
  4691 | D:4      | Reached XP level 7. HP: 44/54 MP: 8/8
  4728 | D:4      | Noticed Duvessa
  4728 | D:4      | Noticed Dowan
  4744 | D:4      | Killed Duvessa
  4752 | D:4      | Killed Dowan
  4752 | D:4      | Reached skill level 3 in Maces & Flails
  5061 | D:4      | Noticed Robin
  5089 | D:4      | Killed Robin
  5160 | D:4      | Killed Natasha
  5413 | D:4      | Reached skill level 4 in Maces & Flails
  5427 | D:4      | Noticed Eustachio
  5459 | D:4      | Killed Eustachio
  5571 | D:4      | Noticed Natasha
  5578 | D:4      | Killed Natasha
  5578 | D:4      | Gained mutation: You sometimes gain power by taking damage. [demonic ancestry]
  5578 | D:4      | Reached XP level 8. HP: 37/61 MP: 9/9
  5654 | D:4      | Noticed Natasha
  5658 | D:4      | Killed Natasha
  5687 | D:4      | Reached skill level 5 in Maces & Flails
  5926 | D:5      | Entered Level 5 of the Dungeon
  6164 | D:5      | Reached skill level 5 in Fighting
  6170 | D:5      | Found a sparkling altar of Nemelex Xobeh.
  6261 | D:5      | Reached **** piety under Lugonu
  6261 | D:5      | Reached skill level 1 in Axes
  6271 | D:5      | You fall through a shaft for 2 floors!
  6300 | D:6      | Found Buoprose's Antique Weapon Shop.
  6396 | D:6      | Found Mumekhotz's Book Shoppe.
  6579 | D:6      | You fall through a shaft!
  6579 | D:7      | Noticed a six-headed hydra
  6579 | D:7      | Noticed temitten's ghost (novice DrFE)
  6583 | D:7      | Found a transporter.
  6604 | D:7      | Found a staircase to the Ecumenical Temple.
  6652 | D:7      | Reached skill level 6 in Maces & Flails
  6776 | D:7      | Gained mutation: You have hoof-like feet. [demonic ancestry]
  6776 | D:7      | Reached XP level 9. HP: 29/69 MP: 10/10
  6779 | D:7      | Reached skill level 5 in Axes
  7062 | D:7      | Found a transporter.
  7299 | D:6      | Noticed a two-headed ogre
  7308 | D:6      | Mangled by a two-headed ogre

Vault maps used:
D:1:      elethiomel_arrival_infinity_welcomes_careful_drivers,
          kennysheep_flooded_box
D:2:      cheibrodos_helix_gallery, lemuel_doored_altar, serial_glass,
          glass_columns_c, glass_columns_c, glass_columns_a, glass_columns_a,
          glass_columns_a, glass_columns_a, nemelex_spade_bored_becter,
          uniq_sigmund
D:3:      hangedman_feature_mirror, bloody_trog, uniq_grinder, uniq_ijyb
D:4:      nicolae_gozag_cash_rules_everything_around_me, serial_shops,
          kennysheep_mini_moat, uniq_duvessa, uniq_eustachio, uniq_natasha,
          uniq_robin
D:5:      nicolae_overflow_hidden_temple, ebering_ghost_sewer_d, first_ration
D:6:      serial_shops, nicolae_shop_crystal, shop, shop, shop,
          kennysheep_little_box
D:7:      kennysheep_mini, temple_doors_e, gammafunk_ghost_arena, serial_glass,
          glass_columns_a, glass_columns_a, grunt_livestock

Skill      XL: |  1  2  3  4  5  6  7  8  9 |
---------------+----------------------------+-----
Long Blades    | 2 3 4 |  4.3
Dodging        | 1 2 |  2.1
Armour         | 2 3 |  3.6
Fighting       | 4 5 |  5.9
Maces & Flails | 2 4 6 |  6.3
Axes           | 4 5 |  5.8
Stealth        | |  0.2
Shields        | |  0.7
Invocations    | |  2.5

Action                   |  1- 3 |  4- 6 |  7- 9 || total
-------------------------+-------+-------+-------++-------
Melee: Falchion          |   151 |   171 |       ||   322
       Flail             |       |    29 |    66 ||    95
       Hand axe          |       |       |   170 ||   170
       Kick              |       |       |    48 ||    48
Invok: Bend Space        |       |     1 |       ||     1
  Use: Scroll            |       |     2 |       ||     2
       Potion            |       |     3 |     3 ||     6
  Eat: Chunk             |     4 |     9 |     8 ||    21
Armor: Leather armour    |    43 |       |     7 ||    50
       Ring mail         |    56 |    60 |    88 ||   204
       Skin              |       |     3 |    45 ||    48
Dodge: Dodged            |   131 |    96 |   148 ||   375
Block: Buckler           |       |    18 |    46 ||    64
       Rpst.: Falchion   |    45 |    31 |       ||    76

Table legend:
 A = Spawn XP
 B = Non-spawn XP
 C = Spawn XP percentage of total XP
 D = Spawn monster count
 E = Non-spawn monster count
 F = Spawn count percentage of total count
 G = Total turns spent on level
                    A         B        C        D         E        F      G
               +---------+---------+-------+---------+---------+-------+---------
         Total |       0 |    3654 |   0.0 |       0 |     159 |   0.0 |  7308
               +---------+---------+-------+---------+---------+-------+---------
           D:1 |       0 |      42 |   0.0 |       0 |      24 |   0.0 |  1674
           D:2 |       0 |      93 |   0.0 |       0 |      24 |   0.0 |  1233
           D:3 |       0 |     508 |   0.0 |       0 |      32 |   0.0 |  1882
           D:4 |       0 |     868 |   0.0 |       0 |      36 |   0.0 |  1144
           D:5 |       0 |     327 |   0.0 |       0 |      12 |   0.0 |   336
           D:6 |       0 |     180 |   0.0 |       0 |      11 |   0.0 |   351
           D:7 |       0 |    1636 |   0.0 |       0 |      20 |   0.0 |   674
               +---------+---------+-------+---------+---------+-------+---------
